 Dungeon Crawl Stone Soup version 0.30-a0-1075-gcd70e7a56d (webtiles) character file.

Game seed: 10387354695157592689

32 BlueFish the Grasshopper (level 3, -3/36 HPs)
             Began as an Octopode Warper on Apr 14, 2023.
             Blown up by Ijyb (16 damage)
             ... with a mindburst bolt
             ... on level 3 of the Dungeon.
             The game lasted 00:02:07 (1406 turns).

BlueFish the Grasshopper (Octopode Warper)          Turns: 1406, Time: 00:02:08

Health: -3/36      AC: 21    Str: 12    XL:     3   Next: 27%
Magic:  6/6        EV:  2    Int: 15    God:
Gold:   184        SH:  0    Dex: 11    Spells: 2/6 levels left

rFire   . . .      SeeInvis .    a - +0 mace
rCold   . . .      Faith    .    (no shield)
rNeg    . . .      Spirit   .    (helmet currently unavailable)
rPois   +          Reflect  .    (no amulet)
rElec   .          Rampage  .    (no ring)
rCorr   .          NoTele   +    (no ring)
Will    .....                    (no ring)
Stlth   ++                       (no ring)
HPRegen 0.26/turn                (no ring)
MPRegen 0.10/turn                (no ring)
                                 (no ring)
                                 (no ring)

@: tree-form
A: stationary, stasis, torment immunity, boosted hp, almost no armour,
(amphibious), 8 rings, (camouflage 1), (gelatinous body 1), (nimble swimmer 1),
(tentacles)
a: no special abilities


You were on level 3 of the Dungeon.
You were a tree.
You visited 1 branch of the dungeon, and saw 3 of its levels.

You collected 184 gold pieces.

Inventory:

Hand Weapons
 a - a +0 mace (weapon)
Missiles
 c - 7 boomerangs of dispersal (quivered)
 h - 4 poisoned darts
 i - 24 stones
 k - 2 javelins
Wands
 o - a wand of acid (9)
Scrolls
 b - a scroll of blinking
 d - a scroll of amnesia {unknown}
 g - a scroll of enchant weapon {unknown}
 j - a scroll of immolation {unknown}
 l - a scroll of poison {unknown}
 m - a scroll of fear {unknown}
Potions
 e - 3 potions of curing
 f - a potion of lignification
 n - a potion of brilliance {unknown}


   Skills:
 + Level 2.2 Fighting
 + Level 2.1 Maces & Flails
 + Level 1.4 Throwing
 + Level 2.6 Dodging
 * Level 1.8 Stealth
 + Level 2.2 Spellcasting
 + Level 3.1 Translocations


You had 2 spell levels left.
You knew the following spells:

 Your Spells              Type           Power      Damage    Failure   Level
a - Blink                 Tloc           22%        N/A       9%          2
b - Lesser Beckoning      Tloc           22%        N/A       9%          2

Your spell library contained the following spells:

 Spells                   Type           Power      Damage    Failure   Level
 Teleport Other           Tloc           11%        N/A       19%         3
 Vhi's Electric Charge    Tloc/Air       12%        N/A       34%         3
 Manifold Assault         Tloc           11%        N/A       52%         4


Dungeon Overview and Level Annotations

Branches:
Dungeon (3/15)

Altars:
Zin

Annotations:
D:3 Grinder, Ijyb


Innate Abilities, Weirdness & Mutations

You are a tree.
Your roots penetrate the ground, keeping you stationary.
You cannot be teleported.
You are immune to unholy pain and torment.
Your maximum health is greatly increased.
You cannot wear most types of armour.
((You are amphibious.))
You can wear up to eight rings at the same time.
((Your skin changes colour to match your surroundings (Stealth+).))
((Your rubbery body absorbs attacks. (AC +1, EV +1)))
((You are camouflaged when in or above water. (Stealth+)))
((You have tentacles for arms and can constrict up to eight enemies at once.))


Message History

You now have 176 gold pieces (gained 15).
A frilled lizard comes into view.
The frilled lizard hisses angrily.
The frilled lizard misses you.
You miss the frilled lizard. Your grab misses the frilled lizard.
The frilled lizard bites you.
You hit the frilled lizard but do no damage.
You grab the frilled lizard. You squeeze the frilled lizard.
You kill the frilled lizard!
f - 2 fizzy clear potions (gained 1)
You now have 184 gold pieces (gained 8).
e - 4 white potions (gained 1) Grinder comes into view.
Press: ? - help, v - describe, . - travel
Here: Grinder (asleep)
The floor.
Placed new exclusion.
Found a ring mail.
You see here a +0 ring mail.
Ijyb the Twisted Goblin comes into view.
She is wielding a +4 dagger of freezing and carrying a wand of mindburst (23).
Ijyb zaps a wand.
You barely resist.
You start waiting.
Ijyb is nearby!
Ijyb zaps a wand.
Your mind is blasted!
Ouch! That really hurt!
* * * LOW HITPOINT WARNING * * *
You hit Ijyb but do no damage. You grab Ijyb. You squeeze Ijyb.
Ijyb is lightly wounded.
You constrict Ijyb, but do no damage. Ijyb misses you. Ijyb closely misses you.
It was a potion of curing.
You feel better.
You constrict Ijyb, but do no damage.
Ijyb hits you with a +4 dagger of freezing.
Ijyb freezes you.
It was a potion of lignification.
You turn into a tree.
Your roots penetrate the ground.
You lose your grip on Ijyb.
Ijyb hits you but does no damage.
You closely miss Ijyb.
Ijyb is lightly wounded.
Ijyb zaps a wand.
Your mind is blasted!
You die...

#.# #.# #.... #.
#.# #.# ##..# #.
#.#####.####..# #.
#.............# #.
#######.#####.#
#.#########.# #>#
#.##..[.....# ##.#
#g##.######## #...
#.♣.........# #..#
#.##.######.# #..#
#.##.# #.# #.##
#.##.# #.# #.#
#<##.# #.# #.#
#.##.# #.# #.#
#.##.######.####.#
#................#
#.........######.#


You could see Ijyb.

Vanquished Creatures
  2 worms (D:2)
  3 ball pythons
  3 endoplasms
  2 hobgoblins (D:2)
  5 kobolds
  9 frilled lizards
  2 goblins (D:2)
  2 rats
28 creatures vanquished.

Notes
Turn   | Place    | Note
-------+----------+-------------------------------------------
     0 | D:1      | BlueFish the Octopode Warper began the quest for the Orb.
     0 | D:1      | Reached XP level 1. HP: 14/14 MP: 3/3
   411 | D:1      | Found a faded altar of an unknown god.
   418 | D:1      | Reached skill level 1 in Stealth
   523 | D:1      | Reached XP level 2. HP: 19/19 MP: 5/5
   526 | D:1      | Learned a level 2 spell: Blink
   529 | D:1      | Learned a level 2 spell: Lesser Beckoning
   676 | D:2      | Found a glowing silver altar of Zin.
   922 | D:2      | Reached XP level 3. HP: 23/23 MP: 6/6
  1374 | D:3      | Noticed Grinder
  1395 | D:3      | Noticed Ijyb
  1406 | D:3      | Blown up by Ijyb

Illustrated notes

Levels and vault maps discovered:
D:1:      minmay_arrival_semitransparent, layout_basic,
          hellmonk_ecumenical_altar_slurped_away,
          wander_ebering_terrifying_dragon_lair
D:2:      layout_basic, basic_altar, grunt_decor_one_mirror
D:3:      layout_loops_ring, minmay_between, uniq_natasha, uniq_ijyb,
          uniq_grinder

Skill      XL: |  1 |
---------------+----+-----
Stealth        | 1 |  1.8
Fighting       | |  2.2
Maces & Flails | |  2.1
Throwing       | |  1.4
Dodging        | |  2.6
Spellcasting   | |  2.2
Translocations | |  3.1

Action                     || total
---------------------------++-------
  Melee: Mace              ||    57
         Constrict         ||    14
         Tentacles         ||     7
         Punch             ||     1
    Use: Potion            ||     2
   Stab: Sleeping          ||     7
 Armour: Skin              ||     5
  Dodge: Dodged            ||    25

Table legend: (Time is in decaauts)
 A = Elapsed time spent in this place.
 B = Non-inter-level travel time spent in this place.
 C = Inter-level travel time spent in this place.
 D = Time resting spent in this place.
 E = Time spent auto-exploring this place.
 F = Levels seen in this place.
 G = Mean time per level.
                   A        B        C        D        E       F      G
               +--------+--------+--------+--------+--------+-----+--------+
         Total |   1422 |   1354 |     68 |      6 |   1112 |   3 |  474.0 |
       Dungeon |   1422 |   1354 |     68 |      6 |   1112 |   3 |  474.0 |
               +--------+--------+--------+--------+--------+-----+--------+

Top non-repeatable levels by time:
     D:2: 680 daAuts
     D:1: 623 daAuts
     D:3: 118 daAuts
